 Dungeon Crawl Stone Soup version 0.27-a0-828-g8289197e94 (webtiles) character file.

Game seed: 7151521690944828241

33 dickylongcocking the Insei (level 3, -1/23 HPs)
             Began as an Octopode Transmuter on Mar 30, 2021.
             Slain by an adder (3 damage)
             ... on level 2 of the Dungeon.
             The game lasted 00:00:35 (1764 turns).

dickylongcocking the Insei (Octopode Transmuter)    Turns: 1764, Time: 00:00:37

Health: -1/23      AC:  1    Str:  9    XL:     3   Next: 29%
Magic:  5/6        EV: 13    Int: 16    God:
Gold:   24         SH:  0    Dex: 12    Spells: 5/6 levels left

rFire    . . .     SeeInvis .     - Unarmed
rCold    . . .     Faith    .   (no shield)
rNeg     . . .     Spirit   .   (helmet restricted)
rPois    .         Reflect  .   (no amulet)
rElec    .         Harm     .   (no ring)
rCorr    .         Rampage  .   (no ring)
Will     .....                  (no ring)
Stlth    ++........             (no ring)
HPRegen  0.07/turn              (no ring)
MPRegen  0.10/turn              (no ring)
                                (no ring)
                                (no ring)

@: lethally poisoned (-1 -> -11)
A: almost no armour, amphibious, 8 rings, camouflage 1, gelatinous body 1,
(nimble swimmer 1), tentacles
a: no special abilities


You were on level 2 of the Dungeon.
You visited 1 branch of the dungeon, and saw 2 of its levels.

You collected 24 gold pieces.

Inventory:

Scrolls
 b - 2 scrolls of identify {unknown}
 c - a scroll of amnesia {unknown}
 d - a scroll of teleportation {unknown}
Potions
 a - a potion of flight {unknown}
 f - a potion of heal wounds {unknown}


   Skills:
 - Level 1.0 Fighting
 - Level 2.0 Dodging
 * Level 4.3 Unarmed Combat
 - Level 2.0 Spellcasting
 - Level 2.0 Transmutations


You had 5 spell levels left.
You knew the following spells:

 Your Spells              Type           Power      Damage    Failure   Level
a - Beastly Appendage     Tmut           16%        N/A       9%          1

Your spell library contained the following spells:

 Spells                   Type           Power      Damage    Failure   Level
 Wereblood                Tmut           8%         N/A       14%         2
 Spider Form              Tmut/Pois      2%         N/A       38%         3
 Ice Form                 Ice/Tmut       4%         N/A       80%         4
 Hydra Form               Tmut           4%         N/A       94%         5


Dungeon Overview and Level Annotations

Branches:
Dungeon (2/15)

Altars:


Innate Abilities, Weirdness & Mutations

You cannot wear most types of armour.
You are amphibious.
You can wear up to eight rings at the same time.
Your skin changes colour to match your surroundings (Stealth+).
Your rubbery body absorbs attacks. (AC +1, EV +1)
((You are camouflaged near water. (Stealth+)))
You have tentacles for arms and can constrict up to eight enemies at once.


Message History

The goblin shouts!
The adder hisses angrily.
The kobold hits you with a +0 dagger.
The adder moves out of view.
You tentacle-slap the kobold. Your grab misses the kobold.
The kobold is severely wounded.
The kobold completely misses you.
Casting: Beastly Appendage (safe; 9% risk of failure)
Confirm with . or Enter, or press ? or * to list all spells.
One of your tentacles grows a vicious spike.
The kobold closely misses you. The goblin closely misses you.
You tentacle-slap the kobold.
You kill the kobold!
The goblin hits you with a +0 dagger.
You closely miss the adder. Your grab misses the adder. You squeeze the adder.
The adder is lightly wounded.
The adder bites you but does no damage. The goblin misses you.
You closely miss the adder. Your grab misses the adder.
Your tentacle spike misses the adder.
The adder is lightly wounded.
The adder closely misses you. The goblin hits you with a +0 dagger.
The adder bites you.
You are poisoned.
The adder poisons you!
You closely miss the adder. Your grab misses the adder.
The adder is lightly wounded.
You feel sick. The goblin misses you. The adder bites you.
Unknown command.
You tentacle-slap the adder. Your grab misses the adder.
Your squeeze misses the adder.
The adder is heavily wounded.
Your transformation is almost over.
You feel sick. The adder barely misses you.
The goblin hits you with a +0 dagger.
* * * LOW HITPOINT WARNING * * *
It was a potion of cancellation.
Your magical effects are unravelling.
You feel magically purged.
Your tentacle spike disappears.
* * * LOW HITPOINT WARNING * * *
You feel sick. The adder bites you.
You die...

... .........
..... ........ .
..... #.##... ..
#.#.##.##..##.. #
+...............#
#....#.##..##...#
##...............#
..........@)...(..
...#.##†##Sg......
#.##.###.##...#
#.##.# .......
#.##.###.... #
#.#.##.....##...
#.#.............
#.#.#########...
#.#.#


You could see an adder and a goblin.

Vanquished Creatures
  A giant cockroach (D:1)
  3 hobgoblins (D:1)
  10 jackals (D:1)
  2 quokkas (D:1)
  5 ball pythons
  A bat (D:1)
  2 frilled lizards (D:1)
  3 kobolds
  3 rats (D:1)
30 creatures vanquished.

Notes
Turn   | Place    | Note
-------+----------+-------------------------------------------
     0 | D:1      | dickylongcocking the Octopode Transmuter began the quest
                  | for the Orb.
     0 | D:1      | Reached XP level 1. HP: 13/13 MP: 3/3
  1025 | D:1      | Reached XP level 2. HP: 18/18 MP: 5/5
  1055 | D:1      | Reached skill level 4 in Unarmed Combat
  1419 | D:1      | Reached XP level 3. HP: 23/23 MP: 6/6
  1764 | D:2      | Slain by an adder

Illustrated notes

Levels and vault maps discovered:
D:1:      erik_arrival_orb_chamber, layout_basic
D:2:      layout_basic, minmay_pentomino_z4

Skill      XL: |  1  2 |
---------------+-------+-----
Unarmed Combat | 4 |  4.3
Fighting       | |  1.0
Dodging        | |  2.0
Spellcasting   | |  2.0
Transmutations | |  2.0

Action                   || total
-------------------------++-------
Melee: Unarmed           ||    70
       Constrict         ||    21
       Tentacles         ||    16
       Punch             ||     1
       Kick              ||     3
 Cast: Beastly Appendage ||     3
  Use: Potion            ||     1
 Stab: Sleeping          ||     3
Armor: Skin              ||     3
Dodge: Dodged            ||    45

Table legend: (Time is in decaauts)
 A = Elapsed time spent in this place.
 B = Non-inter-level travel time spent in this place.
 C = Inter-level travel time spent in this place.
 D = Time resting spent in this place.
 E = Time spent auto-exploring this place.
 F = Levels seen in this place.
 G = Mean time per level.
                   A        B        C        D        E       F      G
               +--------+--------+--------+--------+--------+-----+--------+
         Total |   1759 |   1663 |     96 |      0 |   1514 |   2 |  879.5 |
       Dungeon |   1759 |   1663 |     96 |      0 |   1514 |   2 |  879.5 |
               +--------+--------+--------+--------+--------+-----+--------+

Top non-repeatable levels by time:
     D:1: 1719 daAuts
     D:2: 39 daAuts
